 Dungeon Crawl Stone Soup version 0.32-a0-931-g5a2cda0630 (webtiles) character file.

Game seed: 12894435047766303215

6681 GiantSquids the Mimic (level 11, -3/63 HPs)
             Began as an Octopode Shapeshifter on Apr 13, 2024.
             Was a Priest of Yredelemnul.
             Slain by a manticore (14 damage)
             ... on level 8 of the Dungeon.
             The game lasted 00:18:03 (7852 turns).

GiantSquids the Mimic (Octopode Shapeshifter)       Turns: 7852, Time: 00:18:04

Health: -3/63      AC:  5    Str: 17    XL:     11   Next: 3%
Magic:  0/11       EV: 12    Int: 13    God:    Yredelemnul [***...]
Gold:   436        SH:  0    Dex: 12    Spells: 10/10 levels left

rFire   + .          .
                       - Unarmed
rCold   . . .        (no shield)
rNeg    . . .        (helmet currently unavailable)
rPois   +            d - amulet of guardian spirit
rElec   .            h - ring of willpower
rCorr   +            t - ring of poison resistance
SInv    .            F - ring of resist corrosion
Will    +....        J - +4 ring of protection
Stlth   +++          (no ring)
HPRegen 0.30/turn    (no ring)
MPRegen 0.12/turn    (no ring)
                     (no ring)

%: clarity, guardian spirit
@: beast-form, spiked, wreathed by umbra
A: beast (slay +4), almost no armour, amphibious, 8 rings, camouflage 1,
gelatinous body 1, (nimble swimmer 1), tentacles, tentacle spike 1, clarity,
fire resistance 1
a: Begin Untransformation, Renounce Religion, Light the Black Torch, Recall
Undead Harvest, Hurl Torchlight


You were on level 8 of the Dungeon.
You worshipped Yredelemnul.
Yredelemnul was noncommittal.
You were a hulking beast.
You visited 1 branch of the dungeon, and saw 8 of its levels.
You also visited: Sewer and Ossuary.

You collected 436 gold pieces.

Inventory:

Hand Weapons
 l - a +5 dagger
Missiles
 e - 5 curare-tipped darts (quivered)
 q - 2 throwing nets
Jewellery
 d - an amulet of guardian spirit (around mantle)
 h - a ring of willpower (left tentacle)
 t - a ring of poison resistance (right tentacle)
 F - a ring of resist corrosion (on tentacle)
 J - a +4 ring of protection (on tentacle)
Talismans
 b - a beast talisman (active)
 c - a flux talisman
Wands
 s - a wand of flame (18)
 y - a wand of roots (10)
 E - a wand of polymorph (15)
 I - a wand of quicksilver (12)
Scrolls
 i - 2 scrolls of blinking {unknown}
 m - 2 scrolls of enchant weapon
 n - a scroll of acquirement {unknown}
 p - 5 scrolls of identify
 v - 3 scrolls of amnesia {unknown}
 w - 2 scrolls of poison
 x - 2 scrolls of fog {unknown}
 G - 2 scrolls of vulnerability {unknown}
 H - a scroll of noise {unknown}
 K - a scroll of teleportation {unknown}
 L - 2 scrolls of immolation {unknown}
 M - a scroll of revelation {unknown}
Potions
 a - 2 potions of lignification
 f - a potion of heal wounds
 g - 4 potions of enlightenment {unknown}
 j - 4 potions of curing {unknown}
 k - 2 potions of berserk rage {unknown}
 o - 2 potions of ambrosia {unknown}
 r - 3 potions of degeneration {unknown}
 u - 3 potions of attraction {unknown}
 z - a potion of brilliance {unknown}
 A - a potion of haste {unknown}
 B - 4 potions of mutation
 C - a potion of might {unknown}
 D - a potion of cancellation {unknown}


   Skills:
 - Level 1.0 Fighting
 - Level 2.0 Dodging
 - Level 7.0 Unarmed Combat
 + Level 14.1 Shapeshifting


You had 10 spell levels left.
You didn't know any spells.
Your spell library contained the following spells:

 Spells                   Type           Power      Damage    Failure   Level
 Apportation              Tloc           0%         N/A       30%         1
 Magic Dart               Conj           0%         1d3       30%         1
 Sandblast                Erth           0%         2d4       30%         1
 Ensorcelled Hibernation  Hex/Ice        0%         N/A       43%         2
 Jinxbite                 Hex            0%         N/A       43%         2
 Searing Ray              Conj           0%         2d4       43%         2
 Passwall                 Erth           0%         N/A       67%         3
 Stone Arrow              Conj/Erth      0%         3d7       67%         3
 Swiftness                Air            0%         N/A       67%         3
 Brom's Barrelling Bould  Conj/Erth      0%         2d3       97%         4
 Fulminant Prism          Conj/Alch      0%         3d5       97%         4
 Alistair's Intoxication  Alch           0%         N/A       100%        5


Dungeon Overview and Level Annotations

Branches:
Dungeon (8/15)             Temple (0/1) D:4           Sewer (visited)
Ossuary (visited)
   Lair: D:8-11

Altars:
Cheibriados
Fedhas
Hepliaklqana
Nemelex Xobeh
Okawaru
Uskayaw
Xom
Yredelemnul

Shops:
D:5 [   D:7 =


Innate Abilities, Weirdness & Mutations

You are a hulking beast.
Your limbs bulge with bestial killing power. (Slay +4)
You cannot wear most types of armour.
You are amphibious.
You can wear up to eight rings at the same time.
Your skin changes colour to match your surroundings (Stealth+).
Your rubbery body absorbs attacks. (AC +1, EV +1)
((You are camouflaged when in or above water. (Stealth+)))
You have tentacles for arms and can constrict up to eight enemies at once.
One of your tentacles bears a spike.
You possess an exceptional clarity of mind.
Your flesh is heat resistant. (rF+)


Message History

* * * LOW HITPOINT WARNING * * *
The manticore claws you!
* * * LOW HITPOINT WARNING * * *
The manticore claws you but does no damage.
You feel much better.
The wraith hits your two-headed ogre zombie!
The manticore bites you but does no damage.
The manticore misses you. The manticore closely misses you.
You tentacle-slap the manticore.
You pierce the manticore.
The manticore is heavily wounded.
Your two-headed ogre zombie hits the wraith!
Your two-headed ogre zombie hits the wraith.
The wraith hits your two-headed ogre zombie.
The manticore bites you. The manticore claws you.
The manticore claws you but does no damage.
You tentacle-slap the manticore.
Your tentacle spike misses the manticore.
The manticore is heavily wounded.
The wraith hits your two-headed ogre zombie!
The wraith drains your two-headed ogre zombie's vigour!
Your two-headed ogre zombie seems to slow down.
You tentacle-slap the manticore but do no damage.
You pierce the manticore.
The manticore is severely wounded.
The manticore bites you!
* * * LOW HITPOINT WARNING * * *
The manticore claws you.
* * * LOW HITPOINT WARNING * * *
The manticore claws you.
* * * LOW HITPOINT WARNING * * *
You feel much better.
The wraith hits your two-headed ogre zombie!
Your two-headed ogre zombie is destroyed!
The manticore misses you. The manticore claws you. The manticore claws you!
* * * LOW HITPOINT WARNING * * *
You bludgeon the manticore!
The manticore is almost dead.
The manticore bites you!
You die...
Your body rises from the dead as a mindless zombie.

####.##♣♣.♣♣# ♣.
.ZZ..##..♣..# #.~
#######♣♣.♣♣# ~.♣
♣.♣ .$♣ ♣.♣ #.#
♣Z♣♣ ♣..♣ #####
♣.♣.♣ ♣♣..♣ ....#
#♣.♣.♣# ♣♣HW♣
###.###.♣♣♣.#
♣♣h.♣♣
###...#.♣.♣.#♣♣..♣♣
##..###.♣.♣.#♣..♣♣
.....##.♣.♣.♣..♣♣
##...##ZZ≈Z)...♣
##...#.♣Z♣.♣♣..♣
###..##Z♣.♣.#♣♣..♣
)Z...##Z♣.♣.# ♣..♣
####.##.♣♣♣.# ♣..♣


You could see a manticore and a wraith.

Vanquished Creatures
  A two-headed ogre (D:8)
  Pikel (D:4)
  Maggie (D:6)
  A troll (D:8)
  Sigmund (D:2)
  A steam dragon (D:7)
  2 water moccasins
  2 black bears
  An orc warrior (D:8)
  Pargi (Sewer)
  A sky beast (D:7)
  An ogre (D:6)
  A centaur (D:8)
  3 phantoms
  2 elf zombies (Ossuary)
  A weeping skull (Ossuary)
  2 brain worms (Sewer)
  4 scorpions
  2 killer bees (D:7)
  2 howler monkeys
  2 bombardier beetles
  A centaur zombie (Ossuary)
  3 hounds
  2 jellies
  A human zombie (Ossuary)
  5 orc priests
  3 gnoll boudas
  2 sleepcaps (D:6)
  4 iguanas
  10 orc wizards
  Terence (D:2)
  A crocodile zombie (Ossuary)
  A hound skeleton (D:3)
  3 mummies (Ossuary)
  12 gnolls
  7 adders
  2 river rats (D:5)
  A shadow imp (D:6)
  2 adder zombies (Ossuary)
  5 dart slugs (D:1)
  3 ribbon worms
  26 orcs
  8 bats
  3 endoplasms
  4 giant cockroaches
  8 hobgoblins
  4 jackals (D:4)
  4 kobolds
  2 quokkas
  6 ball pythons
  3 ball python zombies (Ossuary)
  6 frilled lizards
  4 goblins
  6 jackal zombies (Ossuary)
  3 kobold zombies (Ossuary)
  2 orc zombies (Ossuary)
  6 rats
197 creatures vanquished.

Vanquished Creatures (collateral kills)
  A two-headed ogre (D:8)
  Grinder (D:6)
  Menkaure (D:7)
  A water moccasin (D:6)
  A centaur (D:8)
  A phantom (D:6)
  Blork the orc (D:6)
  A bullfrog (D:7)
  A scorpion (D:5)
  5 killer bees (D:7)
  A jelly (D:6)
  A human zombie (Ossuary)
  3 orc wizards
  A gnoll (D:5)
  2 white imps
  An adder zombie (Ossuary)
  A dart slug (D:4)
  A ribbon worm (D:4)
  4 orcs
  2 kobolds
  A quokka (D:4)
  A ball python zombie (Ossuary)
  A gnoll zombie (Ossuary)
  2 jackal zombies (Ossuary)
  A kobold zombie (Ossuary)
  A rat (D:5)
38 creatures vanquished.

Vanquished Creatures (others)
  2 two-headed ogre zombies (D:8)
  A water moccasin zombie (D:7)
  4 killer bee zombies (D:7)
  An ogre zombie (D:6)
  2 iguana zombies
  A jelly zombie (D:6)
  3 gnoll zombies
  A ball python zombie (D:4)
  13 orc zombies
  2 rat zombies (D:5)
30 creatures vanquished.

Grand Total: 265 creatures vanquished

Notes
Turn   | Place    | Note
-------+----------+-------------------------------------------
     0 | D:1      | GiantSquids the Octopode Shapeshifter began the quest for
                  | the Orb.
     0 | D:1      | Reached XP level 1. HP: 13/13 MP: 1/1
   153 | D:1      | Reached XP level 2. HP: 18/18 MP: 2/2
   241 | D:1      | Reached XP level 3. HP: 15/23 MP: 3/3
  1203 | D:2      | Noticed a scorpion
  1210 | D:2      | Killed a scorpion
  1211 | D:2      | Reached skill level 5 in Unarmed Combat
  1211 | D:2      | Reached XP level 4. HP: 28/28 MP: 4/4
  1262 | D:2      | Noticed Terence
  1266 | D:2      | Killed Terence
  1267 | D:2      | Reached XP level 5. HP: 33/33 MP: 5/5
  1596 | D:2      | Noticed Sigmund
  1604 | D:2      | Killed Sigmund
  1605 | D:2      | Reached XP level 6. HP: 35/38 MP: 4/6
  1934 | D:3      | Reached skill level 4 in Shapeshifting
  1934 | D:3      | Reached XP level 7. HP: 31/43 MP: 4/7
  2243 | D:3      | Found a basalt altar of Yredelemnul.
  2248 | D:3      | Found an iron altar of Okawaru.
  2745 | D:3      | Became a worshipper of Yredelemnul the Fallen
  2945 | D:4      | Noticed Pikel
  2958 | D:4      | Killed Pikel
  2959 | D:4      | Reached skill level 6 in Shapeshifting
  2959 | D:4      | Reached XP level 8. HP: 37/48 MP: 5/8
  3112 | D:4      | Reached skill level 7 in Shapeshifting
  3283 | D:4      | Found a blossoming altar of Fedhas.
  3284 | D:4      | Found a snail-covered altar of Cheibriados.
  3361 | D:4      | Found a staircase to the Ecumenical Temple.
  3380 | D:4      | Reached * piety under Yredelemnul
  3561 | D:4      | Found a shimmering altar of Xom.
  3561 | D:4      | Found a hazy altar of Hepliaklqana.
  3569 | D:4      | Found a sparkling altar of Nemelex Xobeh.
  3571 | D:4      | Found a faded altar of an unknown god.
  3573 | D:4      | Found a faded altar of an unknown god.
  3697 | D:5      | Entered Level 5 of the Dungeon
  3711 | D:5      | HP: 2/48 [orc priest/divine providence (8)]
  3774 | D:5      | Reached skill level 8 in Shapeshifting
  3834 | D:5      | Found Pofreb's Antique Armour Shoppe.
  3977 | D:5      | Found a glowing drain.
  3985 | Sewer    | Entered a sewer
  3997 | Sewer    | Noticed Pargi
  4005 | Sewer    | Killed Pargi
  4006 | Sewer    | Reached skill level 9 in Shapeshifting
  4006 | Sewer    | Reached XP level 9. HP: 46/53 MP: 9/9
  4050 | Sewer    | Reached ** piety under Yredelemnul
  5042 | D:6      | Reached skill level 10 in Shapeshifting
  5138 | D:6      | Noticed Blork the orc
  5147 | D:6      | Killed Blork the orc
  5209 | D:6      | Found a sand-covered staircase.
  5210 | D:6      | Noticed Grinder
  5227 | D:6      | Killed Grinder
  5228 | D:6      | Reached skill level 11 in Shapeshifting
  5272 | Ossuary  | Entered an ossuary
  5485 | Ossuary  | Reached XP level 10. HP: 39/58 MP: 5/10
  5960 | D:6      | Noticed Maggie
  5977 | D:6      | Killed Maggie
  5978 | D:6      | Reached skill level 12 in Shapeshifting
  6141 | D:7      | Noticed Menkaure
  6145 | D:7      | Killed Menkaure
  6221 | D:7      | Found a hide-covered altar of Uskayaw.
  6630 | D:7      | Found Ewayj's Jewellery Boutique.
  7043 | D:8      | Noticed a two-headed ogre
  7067 | D:8      | Killed a two-headed ogre
  7068 | D:8      | Reached skill level 13 in Shapeshifting
  7514 | D:8      | Reached *** piety under Yredelemnul
  7614 | D:8      | Noticed a two-headed ogre
  7622 | D:8      | Killed a two-headed ogre
  7832 | D:8      | Noticed a manticore
  7839 | D:8      | Reached skill level 14 in Shapeshifting
  7839 | D:8      | Reached XP level 11. HP: 28/63 MP: 5/11
  7844 | D:8      | Gained mutation: You possess an exceptional clarity of
                  | mind. [potion of mutation]
  7844 | D:8      | Gained mutation: One of your tentacles bears a spike.
                  | [potion of mutation]
  7844 | D:8      | Gained mutation: Your flesh is heat resistant. (rF+)
                  | [potion of mutation]
  7852 | D:8      | Slain by a manticore

Illustrated notes

Levels and vault maps discovered:
D:1:      dpeg_arrival_circle_labyrinth_a, layout_basic
D:2:      layout_basic, serial_bayou, serial_bayou_ford_a,
          serial_bayou_crossing, serial_bayou_lagoon_a, serial_bayou_lake_a,
          eino_tiny_chamber, uniq_terence, uniq_sigmund
D:3:      layout_basic, jmf_multi_god_temple, serial_undead, serial_undead_b,
          serial_undead_d, serial_undead_e, serial_undead_e, nrook_mini_vaults,
          kennysheep_doodads
D:4:      layout_loops_ring, mainiacjoe_overflow_divided_tiny,
          chequers_temple_overflow_minitemple, minmay_temple_entry_arrows,
          uniq_pikel
D:5:      layout_basic, lightli_sewer_entry_pipes, serial_shops, shop
D:6:      minmay_angry_zag, layout_basic, nicolae_ossuary_entry_ruins,
          uniq_maggie, uniq_grinder, uniq_blork_the_orc
D:7:      layout_basic, mainiacjoe_overflow_small_starburst, serial_shops, shop,
          uniq_menkaure
D:8:      nzn_winding_woodlands_large [nzn_winding_woodlands_5x5_cross,
          nzn_winding_woodlands_5x15_eye, nzn_winding_woodlands_5x5_default,
          nzn_winding_woodlands_center_triple_pond,
          nzn_winding_woodlands_15x15_thick_spiral,
          nzn_winding_woodlands_center_pierced_h,
          nzn_winding_woodlands_5x5_perimeter,
          nzn_winding_woodlands_5x15_zeroes,
          nzn_winding_woodlands_5x5_checkerboard], layout_loops_corners

Skill      XL: |  1  2  3  4  5  6  7  8  9 10 |
---------------+-------------------------------+-----
Unarmed Combat | 4 5 7 |  7.0
Shapeshifting  | 4 6 9 11 14 | 14.1
Fighting       | |  1.0
Dodging        | |  2.0

Action                     |  1- 3 |  4- 6 |  7- 9 | 10-12 || total
---------------------------+-------+-------+-------+-------++-------
  Melee: Unarmed           |    51 |    30 |   222 |   114 ||   417
         Constrict         |    19 |     9 |    69 |    25 ||   122
         Tentacles         |    10 |     3 |    66 |    35 ||   114
         Punch             |     1 |       |    11 |     8 ||    20
         Kick              |       |       |       |     3 ||     3
  Throw: Dart              |     1 |     4 |     1 |       ||     6
 Invoke: Light the Black T |       |       |     5 |     2 ||     7
    Use: Scroll            |       |       |     2 |       ||     2
         Potion            |       |       |       |     4 ||     4
   Stab: Sleeping          |     7 |     2 |    10 |     6 ||    25
         Distracted        |       |       |       |     1 ||     1
 Armour: Skin              |    21 |    11 |   101 |    79 ||   212
  Dodge: Dodged            |    19 |    13 |   113 |    72 ||   217

Table legend: (Time is in decaauts)
 A = Elapsed time spent in this place.
 B = Non-inter-level travel time spent in this place.
 C = Inter-level travel time spent in this place.
 D = Time resting spent in this place.
 E = Time spent auto-exploring this place.
 F = Levels seen in this place.
 G = Mean time per level.
                   A        B        C        D        E       F      G
               +--------+--------+--------+--------+--------+-----+--------+
         Total |   7795 |   7679 |    116 |    179 |   5618 |  10 |  779.5 |
       Dungeon |   7374 |   7258 |    116 |    110 |   5556 |   8 |  921.8 |
         Sewer |    142 |    142 |      0 |      0 |     39 |   1 |  142.0 |
       Ossuary |    278 |    278 |      0 |     69 |     23 |   1 |  278.0 |
               +--------+--------+--------+--------+--------+-----+--------+

Top non-repeatable levels by time:
     D:5: 1161 daAuts
     D:1: 998 daAuts
     D:7: 928 daAuts
     D:3: 926 daAuts
     D:4: 924 daAuts
     D:2: 828 daAuts
     D:8: 823 daAuts
     D:6: 782 daAuts
 Ossuary: 278 daAuts
   Sewer: 142 daAuts
